 Dungeon Crawl Stone Soup version 0.23.2-33-g5129a83184 (webtiles) character file.

Game seed: 16278247471524205794

2608 teukkam the Covered (level 9, -1/81 HPs)
             Began as a Minotaur Fighter on July 4, 2019.
             Was an Initiate of Gozag.
             Slain by a crocodile (5 damage)
             ... while petrified by a basilisk
             ... on level 8 of the Dungeon.
             The game lasted 00:19:11 (7655 turns).

teukkam the Covered (Minotaur Fighter)              Turns: 7655, Time: 00:19:12

Health: -1/81      AC:  9    Str: 28    XL:     9   Next: 33%
Magic:  8/8        EV:  2    Int:  5    God:    Gozag
Gold:   947        SH:  0    Dex: 11    Spells: 8/8 levels left

rFire    . . .     SeeInvis .   h - +0 war axe
rCold    . . .     Gourm    .   c - +0 shield
rNeg     + + +     Faith    .   k - +0 scale mail
rPois    ∞         Spirit   .   (helmet restricted)
rElec    .         Reflect  .   (no cloak)
rCorr    .         Harm     .   D - +0 pair of gloves
MR       .....                  (no boots)
Stlth    ..........             (no amulet)
HPRegen  0.23/turn              u - ring of poison resistance
MPRegen  0.11/turn              (no ring)

@: mighty, petrified
A: retaliatory headbutt, horns 2
a: Potion Petition, Call Merchant, Bribe Branch, Renounce Religion


You were on level 8 of the Dungeon.
You worshipped Gozag.
Gozag was pleased with you.
You were not hungry.

You visited 2 branches of the dungeon, and saw 9 of its levels.
You also visited: Sewer.

You collected 999 gold pieces.
You paid 52 gold pieces to Gozag.

Inventory:

Hand Weapons
 a - a +2 falchion of slicing
 b - a +0 hunting sling
 h - a +0 war axe (weapon)
 x - a +0 blowgun
Missiles
 l - 368 stones (quivered)
 w - 6 tomahawks
 y - 10 poisoned needles
 E - 29 sling bullets
Armour
 c - a +0 shield (worn)
 k - a +0 scale mail (worn)
 D - a +0 pair of gloves (worn)
Jewellery
 u - a ring of poison resistance (left hand)
 B - an uncursed ring of positive energy {unknown}
Wands
 j - a wand of digging (5)
 t - a wand of random effects (32)
Scrolls
 e - 10 scrolls of identify
 g - 5 scrolls of remove curse
 m - 3 scrolls of magic mapping
 o - 5 scrolls of teleportation {unknown}
 s - 2 scrolls of enchant weapon {unknown}
 v - a scroll of enchant armour {unknown}
 A - a scroll of fear {unknown}
Potions
 d - a potion of might
 i - a potion of brilliance {unknown}
 n - a potion of curing {unknown}
 p - 2 potions of heal wounds {unknown}
 q - a potion of magic {unknown}
 r - 3 potions of haste {unknown}
 z - a potion of lignification {unknown}
 C - a potion of mutation {unknown}
 F - 3 potions of invisibility {unknown}
 G - a potion of cancellation {unknown}
Comestibles
 f - 5 rations


   Skills:
 + Level 7.8 Fighting
 + Level 6.2 Long Blades
 - Level 3.3 Axes
 + Level 5.7 Slings
 + Level 7.9 Armour
 + Level 7.8 Shields


You had 8 spell levels left.
You didn't know any spells.
Your spell library was empty.

Dungeon Overview and Level Annotations

Branches:
Dungeon (8/15)             Temple (1/1) D:5            Lair (0/6) D:8

Altars:
Cheibriados
Dithmenos
Fedhas
Gozag
Hepliaklqana
Kikubaaqudgha
Makhleb
Nemelex Xobeh
Okawaru
Qazlal
Sif Muna
Trog
Uskayaw
Vehumet
Wu Jian
Xom
Yredelemnul
Zin
The Shining One

Shops:
D:7 [


Innate Abilities, Weirdness & Mutations

You reflexively headbutt those who attack you in melee.
You have a pair of horns on your head.


Message History

* * * LOW HITPOINT WARNING * * *
The crocodile bites you!
* * * LOW HITPOINT WARNING * * *
The porcupine bites you.
The hound zombie bites you but does no damage.
The porcupine bites you but does no damage.
The crocodile bites you!
* * * LOW HITPOINT WARNING * * *
The basilisk gazes at you. The crocodile bites you!
* * * LOW HITPOINT WARNING * * *
The porcupine bites you but does no damage.
The hound zombie completely misses you.
The porcupine bites you but does no damage.
The yak gores the plant.
The sky beast flickers out of sight!
Deactivating autopickup; reactivate with Ctrl-A.
Something hits the plant but does no damage.
The porcupine completely misses you. The crocodile bites you!
You die...
Your body crumbles into a pile of gold.

##### ....# ....##
._...###### ..........#
....#####.# ##..###
#.########## # ......#
#........r.♣...#
.#..#.###.###..t@rY....#
.#........##..PtZl.....#
....#.#####P..♣{rYr.....
.####.# #...P.P♣P....P .
... .......P.POP..P ##.#
#.....!♣P.YY.... #.#
#.....P..>.PP... #.#
#..♣.....P...... ..


You could see 4 yaks, a basilisk, 2 crocodiles, an ogre, 4 porcupines and a
hound zombie.

Vanquished Creatures
  A hornet (D:7)
  Sigmund (D:4)
  Edmund (D:4)
  2 sky beasts (D:7)
  A hornet zombie (D:7)
  A phantom (D:4)
  3 ice beasts (D:7)
  A necrophage (D:7)
  2 centaurs
  A big kobold (D:7)
  A bullfrog (D:7)
  2 scorpions
  2 howler monkeys (D:7)
  2 bullfrog zombies (D:7)
  3 jellies
  An orc priest (D:7)
  A bullfrog skeleton (D:4)
  A gnoll shaman (D:6)
  3 iguanas
  5 orc wizards
  8 worker ants
  Robin (D:4)
  4 gnolls (D:6)
  7 adders
  2 river rats (D:4)
  A shadow imp (D:5)
  8 oozes
  2 adder skeletons
  6 worms
  2 dart slugs (D:2)
  5 leopard geckos
  10 orcs
  7 bats
  4 giant cockroaches
  15 goblins
  4 hobgoblins
  2 jackals (D:2)
  18 kobolds
  3 quokkas
  3 ball pythons
  10 frilled lizards
  A jackal zombie (D:7)
  A quokka skeleton (D:4)
  13 rats
  A fungus (D:4)
173 creatures vanquished.

Vanquished Creatures (others)
  2 fungi (D:4)
  7 toadstools (D:4)
9 creatures vanquished.

Grand Total: 182 creatures vanquished

Notes
Turn   | Place    | Note
-------+----------+-------------------------------------------
     0 | D:1      | teukkam the Minotaur Fighter began the quest for the Orb.
     0 | D:1      | Reached XP level 1. HP: 19/19 MP: 0/0
    83 | D:2      | Reached XP level 2. HP: 27/27 MP: 1/1
   263 | D:2      | Reached XP level 3. HP: 28/33 MP: 2/2
   341 | D:2      | Found a snail-covered altar of Cheibriados.
   341 | D:2      | Found a radiant altar of Vehumet.
   342 | D:2      | Found a glowing golden altar of the Shining One.
   564 | D:2      | Found a burning altar of Makhleb.
   631 | D:2      | Reached XP level 4. HP: 38/40 MP: 3/3
   934 | D:4      | Noticed Robin
   945 | D:4      | Killed Robin
   945 | D:4      | Reached skill level 1 in Slings
  1197 | D:4      | Reached skill level 1 in Long Blades
  1197 | D:4      | Reached XP level 5. HP: 32/47 MP: 4/4
  1296 | D:4      | Found a glowing drain.
  1300 | Sewer    | Entered a sewer
  1773 | D:5      | Entered Level 5 of the Dungeon
  1855 | D:5      | Found a staircase to the Ecumenical Temple.
  1867 | Temple   | Entered the Ecumenical Temple
  2144 | D:5      | Reached skill level 5 in Armour
  2233 | D:5      | Reached XP level 6. HP: 55/55 MP: 5/5
  2301 | Temple   | Became a worshipper of Gozag Ym Sagoz the Greedy
  2775 | D:1      | Reached skill level 5 in Shields
  3759 | D:3      | Reached skill level 5 in Fighting
  4086 | D:4      | Noticed Edmund
  4096 | D:4      | Killed Edmund
  4295 | D:4      | Reached XP level 7. HP: 52/61 MP: 6/6
  4639 | D:4      | Noticed Sigmund
  4645 | D:4      | Killed Sigmund
  5336 | D:6      | Reached XP level 8. HP: 70/70 MP: 7/7
  5543 | D:6      | Found a sparkling altar of Nemelex Xobeh.
  6388 | D:7      | Reached skill level 5 in Long Blades
  6559 | D:7      | Reached skill level 5 in Slings
  6789 | D:7      | Reached XP level 9. HP: 36/79 MP: 8/8
  7503 | D:7      | Found Luxod's Antique Armour Emporium.
  7619 | D:8      | Found a glowing silver altar of Zin.
  7643 | D:8      | Found a staircase to the Lair.
  7654 | D:8      | HP: 4/81 [crocodile (7)]
  7655 | D:8      | Slain by a crocodile

Skill      XL: |  1  2  3  4  5  6  7  8  9 |
---------------+----------------------------+-----
Armour         | 4 5 6 7 |  7.9
Shields        | 4 5 6 7 |  7.8
Fighting       | 4 5 6 7 |  7.8
Axes           | 3 |  3.3
Slings         | 1 2 3 5 |  5.7
Long Blades    | 1 2 4 5 6 |  6.2

Action                   |  1- 3 |  4- 6 |  7- 9 || total
-------------------------+-------+-------+-------++-------
Melee: War axe           |    92 |   166 |    15 ||   273
       Headbutt          |    12 |    30 |    47 ||    89
       Falchion          |       |    14 |   186 ||   200
 Fire: Hunting sling     |     9 |     4 |     3 ||    16
       Blowgun           |       |       |    12 ||    12
Evoke: Wand              |       |       |     5 ||     5
  Use: Scroll            |       |     3 |       ||     3
       Potion            |       |     1 |     2 ||     3
 Stab: Distracted        |       |     1 |       ||     1
  Eat: Chunk             |       |     3 |       ||     3
       Ration            |       |     3 |     3 ||     6
Armor: Scale mail        |    47 |    81 |    93 ||   221
Dodge: Dodged            |    25 |    55 |    67 ||   147
Block: Shield            |    54 |   114 |   107 ||   275
       Rpst.: Falchion   |       |     1 |    21 ||    22
